 Dungeon Crawl Stone Soup version 0.20.1-1-g8b1a95d (webtiles) character file.

12302 valak24 the Carver (level 11, -1/148 HPs)
             Began as a Grey Draconian Berserker on July 19, 2017.
             Was a High Priest of Trog.
             Incinerated by a smoke demon (5 damage)
             ... with a sticky flame
             ... on level 11 of the Dungeon.
             The game lasted 00:27:16 (13961 turns).

valak24 the Carver (Grey Draconian Berserker)      Turns: 13961, Time: 00:27:16

Health: -1/148     AC: 15    Str: 26 (27) XL:     11   Next: 60%
Magic:  9/9        EV: 16    Int:  8      God:    Trog [*****.]
Gold:   547        SH:  6    Dex: 11      Spells: 10/10 levels left

rFire    . . .     SeeInvis .   a - +1 falchion
rCold    + . .     Gourm    .   k - +1 buckler
rNeg     . . .     Faith    .   (armour unavailable)
rPois    .         Spirit   .   (helmet restricted)
rElec    .         Reflect  .   (no cloak)
rCorr    .         Harm     .   g - +1 pair of gloves
MR       +....     Clarity  +   d - +0 pair of boots
Stlth    ..........             (no amulet)
Regen    0.4/turn               i - ring of protection from cold
MPRegen  0.2/turn               y - ring of protection from magic

@: berserking (expiring), liquid flames, glowing, drained, very quick
A: walk through water, unfitting armour, clarity, deterioration 1, low mp 1,
unbreathing, cold-blooded, MP-powered wands, AC +12
a: Berserk, Trog's Hand, Brothers in Arms, Burn Spellbooks, Renounce Religion


You were on level 11 of the Dungeon.
You worshipped Trog.
Trog was extremely pleased with you.
You were not hungry.

You visited 2 branches of the dungeon, and saw 13 of its levels.

You collected 547 gold pieces.

Inventory:

Hand Weapons
 a - a +1 falchion (weapon)
 z - a +3 scimitar of flaming
 F - a +3 long sword of freezing
Missiles
 u - 4 silver tomahawks (quivered)
Armour
 d - a +0 pair of boots (worn)
 g - a +1 pair of gloves (worn)
 h - a +1 centaur barding
 k - a +1 buckler (worn)
 H - a +0 cloak
Jewellery
 i - a ring of protection from cold (left hand)
 l - an uncursed ring of poison resistance
 y - a ring of protection from magic (right hand)
Wands
 f - a wand of iceblast (6/15)
 j - a wand of lightning (1/15)
 m - a wand of clouds (3/9)
 s - a wand of random effects (24/48)
 t - a wand of enslavement (12/24)
 w - a wand of random effects (11/48)
 C - a wand of polymorph (12/24)
 E - a wand of lightning (9/15)
 J - a wand of paralysis (7/24)
 N - a wand of random effects (33/48)
Scrolls
 b - 4 scrolls of recharging
 e - a scroll of fog
 v - 2 scrolls of remove curse
 A - a scroll of identify
Potions
 c - a potion of flight
 p - a potion of magic
 I - 3 potions of might
 M - a potion of brilliance
Books
 o - a book of Flames

   Spells                             Type                      Level
   a - Flame Tongue                   Conjuration/Fire             1
   b - Throw Flame                    Conjuration/Fire             2
   c - Conjure Flame                  Conjuration/Fire             3
   d - Inner Flame                    Hexes/Fire                   3
   e - Sticky Flame                   Conjuration/Fire             4
   f - Fireball                       Conjuration/Fire             5
   Trog disapproves of the use of such an item.
 x - a book of Changes

   Spells                             Type                      Level
   a - Beastly Appendage              Transmutation                1
   b - Sticks to Snakes               Transmutation                2
   c - Spider Form                    Transmutation/Poison         3
   d - Ice Form                       Ice/Transmutation            4
   e - Blade Hands                    Transmutation                5
   Trog disapproves of the use of such an item.
 G - a book of Party Tricks

   Spells                             Type                      Level
   a - Summon Butterflies             Summoning                    1
   b - Apportation                    Translocation                1
   c - Lesser Beckoning               Translocation                3
   d - Tukima's Dance                 Hexes                        3
   e - Alistair's Intoxication        Transmutation/Poison         5
   f - Invisibility                   Hexes                        6
   Trog disapproves of the use of such an item.
 L - a book of Conjurations

   Spells                             Type                      Level
   a - Magic Dart                     Conjuration                  1
   b - Searing Ray                    Conjuration                  2
   c - Dazzling Spray                 Conjuration/Hexes            3
   d - Fulminant Prism                Conjuration/Hexes            4
   e - Force Lance                    Conjuration/Translocation    4
   f - Iskenderun's Mystic Blast      Conjuration                  4
   Trog disapproves of the use of such an item.
Comestibles
 r - 3 royal jellies
 B - 3 fruits
 D - 3 meat rations


   Skills:
 * Level 9.7(9.3) Fighting
 * Level 12.3(11.9) Long Blades
 * Level 9.3(8.9) Dodging
 * Level 6.2(5.8) Shields


You had 10 spell levels left.
You didn't know any spells.

Dungeon Overview and Level Annotations

Branches:
Dungeon (12/15)            Temple (1/1) D:6            Lair (0/6) D:8
    Orc: D:9-12

Altars:
Ashenzari
Kikubaaqudgha
Okawaru
Ru
Sif Muna
Trog

Annotations:
D:11 Frances


Innate Abilities, Weirdness & Mutations

You can walk through water.
Your dull iron-grey scales are very hard. (AC +12)
You cannot fit into any form of body armour.
You can survive without breathing.
You are cold-blooded and may be slowed by cold attacks.
You possess an exceptional clarity of mind.
Your body sometimes deteriorates upon taking damage.
Your magical capacity is low. (-10% MP)
You expend magic power (3 MP) to strengthen your wands.


Message History

The chaos spawn hits you!
* * * LOW HITPOINT WARNING * * *
You feel drained.
You are covered in liquid flames!
* * * LOW HITPOINT WARNING * * *
You block the vampire mosquito's attack.
Frances hits you with a glaive!!
* * * LOW HITPOINT WARNING * * *
Your body deteriorates!
You feel weakened. The vampire mosquito barely misses you.
You riposte.
You closely miss the vampire mosquito.
The smoke demon hits you but does no damage. x3
You block the vampire mosquito's attack.
You climb upwards.
The chaos spawn degenerates into a cloud of primal chaos!
The smoke demon disappears in a puff of smoke!
The red devil disappears in a puff of smoke!
You feel a strong urge to attack something.
You are covered in liquid flames!
You die...

######## ###############
#......# #.............#
#......# #......###'#@y#
#......#### #......#...#@.#
###.......... #......#...#y.#
#............
#......#...#..###.#####......
#......#...#......#...#......
#......#####.###..#...#......
#............# #..+..{#......
#.......###### #..###'#..$...
#.......# #.............
#.......# +.....#####+##


You could see Frances and 2 vampire mosquitoes.

Vanquished Creatures
  Erolcha (D:9)
  Erica (D:9)
  2 two-headed ogres
  Pikel (D:5)
  2 cyclopes (D:11)
  Psyche (D:9)
  2 centaur zombies (D:10)
  A gargoyle (D:10)
  Prince Ribbit (D:7)
  A hippogriff (D:8)
  2 wraiths (D:11)
  A shadow (D:11)
  10 yaks
  A hungry ghost (D:8)
  Grum (D:9)
  A water moccasin (D:9)
  7 orc warriors
  2 ice beasts
  2 sky beasts
  A phantom (D:4)
  5 ogres
  4 centaurs
  3 wolves (D:9)
  6 bullfrogs
  A gnoll sergeant (D:8)
  A water moccasin zombie (D:8)
  6 scorpions
  9 wights
  A howler monkey (D:10)
  4 crimson imps
  A bullfrog zombie (D:7)
  4 jellies
  A bullfrog skeleton (D:9)
  4 hounds
  7 orc priests
  12 orc wizards
  5 iguanas
  11 worker ants
  A hound zombie (D:6)
  2 hound skeletons
  10 adders
  5 gnolls (D:8)
  3 shadow imps
  An adder zombie (D:9)
  A worm (D:2)
  2 leopard geckos
  43 orcs
  8 bats
  14 giant cockroaches
  9 goblins
  2 hobgoblins (D:3)
  8 jackals
  4 quokkas
  A frilled lizard (D:1)
  A jackal skeleton (D:6)
  3 kobolds
  A leopard gecko skeleton (D:4)
  A leopard gecko zombie (D:8)
  7 rats
  A rat zombie (D:5)
254 creatures vanquished.

Vanquished Creatures (collateral kills)
  A bullfrog (D:11)
1 creature vanquished.

Vanquished Creatures (others)
  An adder (D:5)
  An orc (D:5)
2 creatures vanquished.

Grand Total: 257 creatures vanquished

Notes
Turn   | Place    | Note
-------+----------+-------------------------------------------
     0 | D:1      | valak24 the Draconian Berserker began the quest for the Orb.
     0 | D:1      | Reached XP level 1. HP: 19/19 MP: 1/1
   373 | D:1      | Reached XP level 2. HP: 25/26 MP: 2/2
  1308 | D:2      | Reached XP level 3. HP: 31/31 MP: 3/3
  1530 | D:2      | Gained mutation: You possess an exceptional clarity of mind. [potion of mutation]
  1530 | D:2      | Gained mutation: You expend magic power (3 MP) to strengthen your wands. [potion of mutation]
  1530 | D:2      | Gained mutation: Your spells are a little harder to cast, but a little more powerful. [potion of mutation]
  1918 | D:3      | Reached ** piety under Trog
  2198 | D:3      | Reached XP level 4. HP: 26/40 MP: 4/4
  2475 | D:3      | Reached skill level 4 in Long Blades
  2726 | D:3      | Reached XP level 5. HP: 23/46 MP: 5/5
  3058 | D:4      | HP: 2/46 [worker ant (7)]
  3078 | D:4      | Reached skill level 1 in Shields
  3198 | D:4      | Reached XP level 6. HP: 33/52 MP: 6/6
  3507 | D:4      | Reached skill level 5 in Long Blades
  3968 | D:5      | Entered Level 5 of the Dungeon
  4046 | D:5      | Your scales start taking on a dull iron-grey colour.
  4046 | D:5      | Reached XP level 7. HP: 49/60 MP: 7/7
  4046 | D:5      | Gained mutation: You can survive without breathing. [Grey Draconian growth]
  4199 | D:5      | Reached skill level 5 in Fighting
  4238 | D:5      | Reached skill level 6 in Long Blades
  4238 | D:5      | Reached skill level 5 in Dodging
  4378 | D:5      | Found an ancient bone altar of Kikubaaqudgha.
  4485 | D:5      | Noticed Pikel
  4503 | D:5      | Killed Pikel
  4503 | D:5      | Reached skill level 7 in Long Blades
  4503 | D:5      | Reached XP level 8. HP: 14/70 MP: 8/8
  5073 | D:5      | Reached *** piety under Trog
  5295 | D:5      | Reached skill level 8 in Long Blades
  5983 | D:6      | Got a steaming flail
  6264 | D:6      | Received a gift from Trog
  6275 | D:6      | Reached XP level 9. HP: 62/78 MP: 9/9
  6779 | D:6      | Found a staircase to the Ecumenical Temple.
  6786 | Temple   | Entered the Ecumenical Temple
  6889 | D:7      | Identified the +3 flail of Vixke {crush, Fragile rN++ Int+5} (You found it on level 6 of the Dungeon)
  6903 | D:7      | Noticed Prince Ribbit
  6920 | D:7      | Killed Prince Ribbit
  7194 | D:7      | Reached skill level 9 in Long Blades
  7201 | D:7      | Reached **** piety under Trog
  8235 | D:8      | Found a staircase to the Lair.
  8642 | D:8      | Reached skill level 10 in Long Blades
  8981 | D:9      | Reached XP level 10. HP: 50/88 MP: 10/10
  9298 | D:9      | Gained mutation: Your magical capacity is low. (-10% MP) [mutagenic meat]
  9299 | D:9      | Lost mutation: Your spells are a little harder to cast, but a little more powerful. [mutagenic meat]
  9300 | D:9      | Gained mutation: Your body sometimes deteriorates upon taking damage. [mutagenic meat]
  9422 | D:9      | Noticed Grum
  9449 | D:9      | Killed Grum
  9648 | D:9      | Noticed Erica
  9676 | D:9      | Killed Erica
  9933 | D:9      | Noticed Psyche
  9981 | D:9      | Killed Psyche
  9987 | D:9      | Reached skill level 11 in Long Blades
  9987 | D:9      | Reached skill level 5 in Shields
 10243 | D:9      | Reached ***** piety under Trog
 10581 | D:9      | Noticed Erolcha
 10588 | D:9      | Killed Erolcha
 11098 | D:10     | Entered Level 10 of the Dungeon
 11152 | D:10     | Noticed a gargoyle
 11171 | D:10     | Killed a gargoyle
 11171 | D:10     | Reached XP level 11. HP: 97/97 MP: 9/9
 11201 | D:10     | Noticed a two-headed ogre
 11220 | D:10     | Killed a two-headed ogre
 12092 | D:10     | Reached skill level 12 in Long Blades
 13159 | D:11     | Noticed a two-headed ogre
 13181 | D:11     | Killed a two-headed ogre
 13940 | D:12     | Noticed Frances
 13960 | D:12     | HP: 4/148 [Frances/glaive (27)]
 13961 | D:11     | Incinerated by a smoke demon

Skill      XL: |  1  2  3  4  5  6  7  8  9 10 11 |
---------------+----------------------------------+-----
Dodging        | 3 4 5 6 7 8 9 |  9.3
Long Blades    | 4 5 7 8 10 11 12 | 12.3
Fighting       | 4 5 6 7 9 |  9.7
Shields        | 1 2 3 4 5 6 |  6.2

Action                   |  1- 3 |  4- 6 |  7- 9 | 10-12 || total
-------------------------+-------+-------+-------+-------++-------
Melee: Falchion          |   130 |   158 |   505 |   598 ||  1391
       Tailslap          |    15 |    36 |    94 |   103 ||   248
Invok: Berserk           |       |     1 |     4 |     8 ||    13
       Trog's Hand       |       |     1 |     1 |     1 ||     3
       Brothers in Arms  |       |       |       |     2 ||     2
  Use: Scroll            |     7 |     3 |     3 |     6 ||    19
       Potion            |     6 |     2 |       |     6 ||    14
 Stab: Sleeping          |     1 |       |     1 |       ||     2
       Invisible         |       |       |       |     2 ||     2
       Distracted        |       |       |       |     1 ||     1
  Eat: Bread ration      |     1 |       |     1 |     5 ||     7
       Chunk             |       |     1 |     5 |     7 ||    13
       Meat ration       |       |     2 |     2 |       ||     4
       Fruit             |       |       |     1 |       ||     1
       Royal jelly       |       |       |     1 |       ||     1
Armor: Skin              |    55 |    42 |   142 |   222 ||   461
Dodge: Dodged            |   100 |    94 |   255 |   312 ||   761
Block: Buckler           |     2 |    17 |    80 |   125 ||   224
       Rpst.: Falchion   |    35 |    31 |    72 |    85 ||   223
